 Dungeon Crawl Stone Soup version 0.13-a0-2979-gb6a86b3 (webtiles) character file.

1259 PolkaDot the Ruinous (level 7, -2/39 (44) HPs)
             Began as a Vampire Wizard on Sept 7, 2013.
             Slain by a troll (5 damage)
             ... on Level 6 of the Dungeon.
             The game lasted 00:25:15 (4667 turns).

PolkaDot the Ruinous (Vampire Wizard)               Turns: 4667, Time: 00:25:15

HP  -2/39 (44)   AC  2     Str 11      XL: 7   Next: 92%
MP  13/17        EV 12     Int 22      God:
Gold 299         SH  0     Dex  9 (13) Spells:  3 memorised,  5 levels left

Res.Fire  : + . .   See Invis. : +   C - staff of poison (curse)
Res.Cold  : . . .   Warding    : .   a - +0 robe
Life Prot.: . . .   Conserve   : .   (no shield)
Res.Poison: +       Res.Corr.  : .   (no helmet)
Res.Elec. : .       Clarity    : .   (no cloak)
Sust.Abil.: . .     Spirit.Shd : .   (no gloves)
Res.Mut.  : .       Stasis     : .   (no boots)
Res.Rott. : .       Flight     : .   h - amulet of faith
Saprovore : . . .                    E - ring of protection from fire
                                     n - +1 ring of dexterity

@: regenerating quickly, mighty, slightly resistant to hostile enchantments,
fairly stealthy
A: bottle blood, fangs 3, see invisible, unbreathing
a: Bottle Blood


You were on level 6 of the Dungeon.
You were very full.

You visited 1 branch of the dungeon, and saw 6 of its levels.

You collected 279 gold pieces.

Inventory:

Hand weapons
 m - a +1,+2 dwarven short sword
Armour
 a - a +0 robe (worn)
 b - a +0 wizard hat
Magical devices
 d - a wand of digging (18)
 u - a wand of flame (7) {unknown}
Scrolls
 f - 3 scrolls of teleportation
 g - a scroll of identify
 i - a scroll of curse jewellery {unknown}
 j - 2 scrolls of amnesia
 k - a scroll of curse weapon {unknown}
 l - a scroll of noise {unknown}
 p - a scroll of enchant weapon II
 r - 2 scrolls of random uselessness {unknown}
 s - 2 scrolls of remove curse
 t - 2 scrolls of blinking {unknown}
 v - a scroll of recharging {unknown}
 w - a scroll of magic mapping {unknown}
 y - a scroll of immolation {unknown}
 A - a scroll of fog {unknown}
 B - a scroll of enchant weapon I {unknown}
Jewellery
 h - an amulet of faith (around neck)
 n - a +1 ring of dexterity (left hand)
 o - an uncursed amulet of rage
 E - a ring of protection from fire (right hand)
Potions
 q - 3 potions of curing
Books
 c - a book of Minor Magic

   Spells                             Type                      Level
   *Magic Dart                        Conjuration                  1
   Blink                              Translocation                2
   Call Imp                           Summoning                    2
   Repel Missiles                     Charms/Air                   2
   Slow                               Hexes                        2
   *Conjure Flame                     Conjuration/Fire             3
   *Mephitic Cloud                    Conjuration/Poison/Air       3
 D - a book of Spatial Translocations

   Spells                             Type                      Level
   Apportation                        Translocation                1
   Portal Projectile                  Translocation                2
   Blink                              Translocation                2
   Shroud of Golubria                 Charms/Translocation         2
   Teleport Other                     Translocation                3
   Passage of Golubria                Translocation                4
Magical staves
 C - a cursed staff of poison (weapon)


   Skills:
 - Level 2.1 Dodging
 - Level 3.0 Stealth
 - Level 3.0 Spellcasting
 * Level 6.3 Conjurations
   Level 1.0 Summonings
   Level 0.7 Translocations
 + Level 3.3 Air Magic


You had 5 spell levels left.
You knew the following spells:

 Your Spells              Type           Power        Failure   Level  Hunger
a - Magic Dart            Conj           ####         1%          1    None
d - Mephitic Cloud        Conj/Pois/Air  ####....     12%         3    ###....
s - Conjure Flame         Conj/Fire      ###.....     12%         3    ###....


Dungeon Overview and Level Annotations

Branches:
Dungeon (6/27)
 Temple: D:4-7          Orc: D:6-11

Altars:
Cheibriados
Xom
the Shining One

Shops:
D:5 (


Innate Abilities, Weirdness & Mutations

Your natural rate of healing is unusually fast.
You can bottle blood from corpses.
You have razor-sharp teeth.*
You have supernaturally acute eyesight.
You can survive without breathing.*


Message History

Drink which item? (? for menu, Esc to quit)
You feel better.
The troll is engulfed in noxious fumes.
The troll bites the troll but does no damage.
The troll barely misses itself.
The troll claws the troll but does no damage.
Drink which item? (? for menu, Esc to quit)
You feel very mighty all of a sudden.
The troll is engulfed in noxious fumes.
The troll appears confused.
The troll bites you! The troll claws you! The troll barely misses you.
You hit the troll.
The troll is lightly wounded.
The troll bites you!
* * * LOW HITPOINT WARNING * * *
The troll barely misses you. The troll claws you.
* * * LOW HITPOINT WARNING * * *
Drink which item? (? for menu, Esc to quit)
You feel better. The troll bites you!
* * * LOW HITPOINT WARNING * * *
The troll claws you.
You die...

####### #.....###
##.......#
###..._..#.#######
#.................
#@##.....#.#######
#T####.....# #§#
######### #.#
#...#### #§#
#......) #.#
#...#### #.# ###
#... #
#.##≈≈≈≈≈;≈#.# #
#.{≈≈≈;≈≈≈ ≈; #


You could see a troll (confused).

Vanquished Creatures
  A necrophage (D:5)
  A phantom (D:6)
  2 ogres (D:5)
  Sigmund (D:2)
  A jellyfish (D:6)
  An electric eel (D:6)
  2 hounds
  An orc priest (D:4)
  2 iguanas
  A quasit (D:5)
  3 worker ants
  An ogre zombie (D:5)
  4 gnolls
  4 adders (D:2)
  2 giant mites
  3 worms
  A giant eyeball (D:4)
  3 giant geckos
  2 oozes
  6 orcs
  6 bats
  4 giant cockroaches
  10 goblins
  10 hobgoblins
  3 jackals (D:3)
  2 ball pythons
  3 giant newts
  A goblin skeleton (D:4)
  6 kobolds
  11 rats
98 creatures vanquished.

Notes
Turn   | Place    | Note
--------------------------------------------------------------
     0 | D:1      | PolkaDot, the Vampire Wizard, began the quest for the Orb.
     0 | D:1      | Reached XP level 1. HP: 11/11 MP: 6/6
    73 | D:1      | Reached skill level 1 in Conjurations
   285 | D:1      | Reached XP level 2. HP: 17/17 MP: 6/8
   876 | D:2      | Reached XP level 3. HP: 22/22 MP: 5/10
   955 | D:1      | Learned a level 3 spell: Conjure Flame
   959 | D:1      | Learned a level 3 spell: Mephitic Cloud
  1271 | D:2      | Reached XP level 4. HP: 28/28 MP: 2/12
  1444 | D:2      | Noticed Sigmund
  1468 | D:2      | Killed Sigmund
  1468 | D:2      | Reached XP level 5. HP: 33/33 MP: 4/13
  1881 | D:3      | Reached skill level 4 in Conjurations
  2567 | D:4      | Found a shimmering altar of Xom.
  2616 | D:4      | Reached XP level 6. HP: 26/39 MP: 2/15
  2885 | D:4      | Paralysed by a giant eyeball for 4 turns
  2971 | D:4      | Found a glowing golden altar of the Shining One.
  3130 | D:4      | Reached skill level 5 in Conjurations
  3279 | D:5      | Entered Level 5 of the Dungeon
  3279 | D:5      | Noticed a necrophage
  3292 | D:5      | Killed a necrophage
  3292 | D:5      | Reached skill level 1 in Air Magic
  3401 | D:5      | Reached XP level 7. HP: 26/39 MP: 9/17
  4092 | D:5      | Found Ucseac's Antique Weapon Shop.
  4135 | D:6      | Reached skill level 6 in Conjurations
  4182 | D:6      | Got a crude helmet
  4186 | D:6      | Identified the cursed -4 helmet of Leikoega {rC++} (You found it on level 6 of the Dungeon)
  4472 | D:6      | Found a snail-covered altar of Cheibriados.
  4646 | D:6      | Noticed a troll
  4667 | D:6      | Slain by a troll

Action                   |  1- 3 |  4- 6 |  7- 9 || total
-------------------------+-------+-------+-------++-------
Melee: Short sword       |       |     2 |     5 ||     7
       Staff             |       |       |     1 ||     1
 Cast: Magic Dart        |    83 |   154 |   116 ||   353
       Conjure Flame     |       |       |     5 ||     5
       Mephitic Cloud    |       |       |     2 ||     2
  Use: Potion            |       |     3 |     6 ||     9
       Scroll            |       |     1 |     8 ||     9
 Stab: Sleeping          |       |     1 |       ||     1
